[ AOE2 MATCH · #464906730 ]
Team RMArmenians vs Italians
[ REPLAY ANALYSIS · EXTRACTED FROM THE RECORDED GAME ]
Feudal
16:59
Castle
23:14
Imperial
32:21
| APM avg | 32.9 |
| APM peak | 59 |
| eAPM avg | 14.1 |
| Villagers / military | 68 / 34 |
Focus
⚔️ 24.7% · 🌾 75.3%
Composite Bowman ×17 · Fishing Ship ×16 · Spearman ×12 · Unknown (2626) ×4 · Battering Ram ×2 · Trebuchet (Packed) ×2
Feudal
14:55
Castle
18:57
Imperial
—
| APM avg | 54.1 |
| APM peak | 113 |
| eAPM avg | 19.7 |
| Villagers / military | 99 / 23 |
Focus
⚔️ 19.3% · 🌾 80.7%
Fishing Ship ×22 · Knight ×14 · Monk ×4 · Spearman ×3 · Unknown (2626) ×3 · Mangonel ×2
Feudal
14:10
Castle
21:42
Imperial
34:16
| APM avg | 36.3 |
| APM peak | 90 |
| eAPM avg | 22.8 |
| Villagers / military | 70 / 64 |
Focus
⚔️ 31.5% · 🌾 68.5%
Archer ×59 · Spearman ×3 · Battering Ram ×2
Feudal
13:29
Castle
24:28
Imperial
—
| APM avg | 44.2 |
| APM peak | 86 |
| eAPM avg | 21.0 |
| Villagers / military | 39 / 38 |
Focus
⚔️ 40.8% · 🌾 59.2%
Archer ×34 · Fishing Ship ×9 · Demolition Raft ×2 · Galley ×1 · Fire Galley ×1
Feudal
14:43
Castle
26:01
Imperial
—
| APM avg | 22.0 |
| APM peak | 44 |
| eAPM avg | 10.4 |
| Villagers / military | 59 / 35 |
Focus
⚔️ 26.1% · 🌾 73.9%
Skirmisher ×15 · Fishing Ship ×11 · Spearman ×10 · Unknown (2626) ×5 · Demolition Raft ×5 · Samurai ×3
Feudal
17:33
Castle
30:52
Imperial
—
| APM avg | 31.0 |
| APM peak | 86 |
| eAPM avg | 10.7 |
| Villagers / military | 46 / 15 |
Focus
⚔️ 20.0% · 🌾 80.0%
Scout Cavalry ×13 · Fishing Ship ×10 · Knight ×2
Match map
Initial resources + every placement click. Lines = walls · curves = elevation contours. ◆ gold · ⬟ stone · ● berries · ✦ relic · ◌ wall gap
Your base· Open — 14t gap
Obi Lan's base· Open — 5t gap
FranciscoB's base· Open — 4t gap
Marianob04's base· Open — 2t gap
takego's base· Open — 13t gap
#14's base· Open — unwalled flank
Smoothed initial terrain · ◌ = detected wall gap · hover for details
Inputs per minute
— Tonok - - Obi Lan
Build order — Tonok
First 150 of 186 actions detected
| 0:20 | Build | Town Center |
| 1:13 | Build | Dock |
| 1:24 | Build | House |
| 2:32 | Create | Villager (Male) |
| 2:33 | Create | Villager (Male) |
| 2:33 | Create | Villager (Male) |
| 2:33 | Create | Villager (Male) |
| 2:33 | Create | Villager (Male) |
| 3:31 | Create | Fishing Ship |
| 3:32 | Create | Fishing Ship |
| 4:08 | Build | House |
| 4:15 | Create | Villager (Male) |
| 4:19 | Research | Loom |
| 5:03 | Create | Fishing Ship |
| 5:22 | Create | Villager (Male) |
| 5:22 | Create | Villager (Male) |
| 5:55 | Create | Fishing Ship |
| 6:03 | Build | House |
| 6:28 | Create | Villager (Male) |
| 6:28 | Create | Villager (Male) |
| 6:41 | Build | House |
| 6:51 | Create | Villager (Male) |
| 6:51 | Create | Villager (Male) |
| 6:52 | Create | Villager (Male) |
| 7:16 | Create | Villager (Male) |
| 7:40 | Create | Villager (Male) |
| 7:40 | Create | Villager (Male) |
| 7:43 | Create | Fishing Ship |
| 7:44 | Create | Fishing Ship |
| 8:02 | Create | Villager (Male) |
| 8:18 | Create | Fishing Ship |
| 8:25 | Create | Villager (Male) |
| 8:25 | Create | Villager (Male) |
| 8:26 | Create | Villager (Male) |
| 8:26 | Create | Villager (Male) |
| 9:07 | Create | Villager (Male) |
| 9:13 | Create | Villager (Male) |
| 9:14 | Create | Fishing Ship |
| 9:23 | Create | Fishing Ship |
| 9:39 | Build | Mule Cart |
| 9:43 | Create | Villager (Male) |
| 9:53 | Build | House |
| 10:19 | Create | Fishing Ship |
| 10:26 | Create | Villager (Male) |
| 10:32 | Create | Fishing Ship |
| 10:54 | Create | Villager (Male) |
| 11:08 | Build | House |
| 11:29 | Build | House |
| 11:31 | Create | Villager (Male) |
| 11:43 | Create | Fishing Ship |
| 12:00 | Build | House |
| 12:14 | Create | Villager (Male) |
| 12:27 | Build | Dock |
| 12:38 | Create | Fishing Ship |
| 12:39 | Create | Villager (Male) |
| 12:42 | Build | House |
| 13:07 | Build | Mill |
| 13:16 | Create | Villager (Male) |
| 13:18 | Build | House |
| 13:29 | Create | Villager (Male) |
| 13:43 | Build | Farm |
| 13:45 | Build | Farm |
| 13:46 | Build | Farm |
| 14:03 | Build | House |
| 14:05 | Build | House |
| 14:20 | Create | Fishing Ship |
| 14:23 | Create | Fishing Ship |
| 14:49 | Research | Feudal Age |
| 15:07 | Build | Farm |
| 15:23 | Build | Barracks |
| 15:35 | Build | Palisade Wall |
| 15:55 | Create | Fishing Ship |
| 16:09 | Build | House |
| 16:11 | Build | House |
| 16:59 | Age | Feudal Age |
| 17:11 | Create | Unit 2626 |
| 17:11 | Create | Unit 2626 |
| 17:32 | Build | Palisade Wall |
| 17:38 | Create | Spearman |
| 17:40 | Research | Pikeman (upgrade) |
| 17:41 | Create | Spearman |
| 17:41 | Create | Spearman |
| 17:52 | Create | Villager (Male) |
| 17:53 | Create | Villager (Male) |
| 17:53 | Create | Villager (Male) |
| 18:35 | Build | Market |
| 18:40 | Create | Villager (Male) |
| 18:40 | Create | Villager (Male) |
| 18:40 | Create | Villager (Male) |
| 19:20 | Create | Unit 2626 |
| 19:20 | Create | Unit 2626 |
| 19:31 | Build | Mule Cart |
| 19:39 | Research | Double-Bit Axe |
| 19:41 | Create | Villager (Male) |
| 19:43 | Create | Villager (Male) |
| 20:01 | Build | Blacksmith |
| 20:11 | Research | Gold Mining |
| 20:32 | Research | Castle Age |
| 20:32 | Research | Castle Age |
| 20:48 | Build | Fish Trap |
| 20:58 | Create | Villager (Male) |
| 21:15 | Create | Villager (Male) |
| 21:19 | Research | Fletching |
| 21:31 | Research | Stone Mining |
| 21:41 | Create | Spearman |
| 21:41 | Create | Spearman |
| 22:05 | Create | Villager (Male) |
| 22:21 | Build | Fish Trap |
| 22:28 | Build | Fish Trap |
| 22:37 | Build | Dock |
| 22:53 | Create | Villager (Male) |
| 23:14 | Age | Castle Age |
| 23:34 | Create | Villager (Male) |
| 23:45 | Build | Town Center |
| 23:58 | Build | Castle |
| 24:26 | Build | Castle |
| 24:41 | Build | Castle |
| 24:58 | Build | Farm |
| 25:49 | Build | Siege Workshop |
| 26:09 | Create | Villager (Male) |
| 26:09 | Create | Villager (Male) |
| 26:09 | Create | Villager (Male) |
| 26:09 | Create | Villager (Male) |
| 26:10 | Create | Villager (Male) |
| 26:10 | Create | Villager (Male) |
| 26:10 | Create | Villager (Male) |
| 26:11 | Create | Villager (Male) |
| 26:15 | Build | Farm |
| 26:17 | Create | Mangonel |
| 26:31 | Build | Mule Cart |
| 26:52 | Create | Spearman |
| 26:54 | Create | Villager (Male) |
| 26:54 | Create | Villager (Male) |
| 26:54 | Create | Villager (Male) |
| 26:58 | Create | Villager (Male) |
| 26:58 | Create | Villager (Male) |
| 27:25 | Research | Bodkin Arrow |
| 27:26 | Create | Villager (Male) |
| 27:27 | Create | Villager (Male) |
| 27:46 | Build | Town Center |
| 27:49 | Create | Villager (Male) |
| 28:42 | Build | Mule Cart |
| 28:55 | Create | Spearman |
| 28:55 | Create | Spearman |
| 28:56 | Create | Spearman |
| 28:58 | Create | Battering Ram |
| 29:10 | Research | Imperial Age |
| 29:53 | Create | Battering Ram |
| 30:01 | Create | Spearman |
| 30:02 | Create | Spearman |
Build order — Obi Lan
First 150 of 209 actions detected
| 0:05 | Build | Town Center |
| 1:55 | Build | Dock |
| 1:58 | Build | House |
| 2:40 | Create | Villager (Male) |
| 2:40 | Create | Villager (Male) |
| 2:40 | Create | Villager (Male) |
| 2:40 | Create | Villager (Male) |
| 2:40 | Create | Villager (Male) |
| 2:41 | Create | Villager (Male) |
| 2:45 | Research | Loom |
| 3:12 | Create | Fishing Ship |
| 3:56 | Create | Fishing Ship |
| 3:57 | Create | Fishing Ship |
| 4:42 | Create | Villager (Male) |
| 4:42 | Create | Villager (Male) |
| 5:09 | Build | House |
| 5:14 | Create | Fishing Ship |
| 5:22 | Create | Villager (Male) |
| 5:23 | Create | Villager (Male) |
| 5:49 | Create | Villager (Male) |
| 5:50 | Create | Villager (Male) |
| 6:05 | Build | House |
| 6:08 | Create | Villager (Male) |
| 6:08 | Create | Villager (Male) |
| 6:21 | Create | Fishing Ship |
| 6:32 | Create | Villager (Male) |
| 6:32 | Create | Villager (Male) |
| 6:56 | Create | Fishing Ship |
| 7:07 | Create | Villager (Male) |
| 7:07 | Create | Villager (Male) |
| 7:07 | Create | Villager (Male) |
| 7:16 | Create | Fishing Ship |
| 7:23 | Create | Villager (Male) |
| 7:23 | Create | Villager (Male) |
| 7:27 | Build | House |
| 7:49 | Create | Fishing Ship |
| 7:56 | Create | Villager (Male) |
| 7:57 | Create | Villager (Male) |
| 8:04 | Build | House |
| 8:25 | Create | Fishing Ship |
| 8:26 | Create | Villager (Male) |
| 8:30 | Build | House |
| 8:31 | Create | Villager (Male) |
| 9:06 | Build | Dock |
| 9:40 | Create | Villager (Male) |
| 9:40 | Create | Villager (Male) |
| 9:40 | Create | Villager (Male) |
| 9:40 | Create | Villager (Male) |
| 9:40 | Create | Villager (Male) |
| 9:40 | Create | Villager (Male) |
| 9:40 | Create | Villager (Male) |
| 9:40 | Create | Villager (Male) |
| 9:40 | Create | Villager (Male) |
| 9:40 | Create | Villager (Male) |
| 9:40 | Create | Villager (Male) |
| 9:40 | Create | Villager (Male) |
| 9:40 | Create | Villager (Male) |
| 9:40 | Build | House |
| 9:40 | Create | Villager (Male) |
| 9:40 | Create | Villager (Male) |
| 9:40 | Create | Villager (Male) |
| 9:40 | Create | Villager (Male) |
| 9:40 | Create | Villager (Male) |
| 9:40 | Create | Villager (Male) |
| 9:43 | Create | Villager (Male) |
| 9:43 | Create | Villager (Male) |
| 9:44 | Create | Villager (Male) |
| 9:44 | Create | Villager (Male) |
| 9:44 | Create | Villager (Male) |
| 9:55 | Create | Fishing Ship |
| 9:55 | Create | Fishing Ship |
| 10:21 | Create | Villager (Male) |
| 10:21 | Create | Villager (Male) |
| 10:21 | Create | Villager (Male) |
| 10:23 | Create | Fishing Ship |
| 10:24 | Create | Fishing Ship |
| 10:29 | Build | House |
| 10:34 | Build | Palisade Wall |
| 10:51 | Create | Fishing Ship |
| 10:52 | Create | Fishing Ship |
| 11:11 | Create | Villager (Male) |
| 11:11 | Create | Villager (Male) |
| 11:11 | Create | Villager (Male) |
| 11:48 | Build | Mining Camp |
| 11:49 | Create | Fishing Ship |
| 11:49 | Create | Fishing Ship |
| 11:52 | Create | Fishing Ship |
| 12:10 | Create | Villager (Male) |
| 12:15 | Create | Fishing Ship |
| 12:28 | Create | Villager (Male) |
| 12:37 | Build | House |
| 12:40 | Build | House |
| 12:44 | Research | Feudal Age |
| 13:20 | Build | Lumber Camp |
| 13:24 | Create | Villager (Male) |
| 13:24 | Create | Villager (Male) |
| 14:27 | Build | Dock |
| 14:34 | Create | Villager (Male) |
| 14:53 | Build | Barracks |
| 14:55 | Age | Feudal Age |
| 14:58 | Research | Double-Bit Axe |
| 15:01 | Create | Unit 2626 |
| 15:02 | Create | Unit 2626 |
| 15:03 | Create | Unit 2626 |
| 15:22 | Build | Blacksmith |
| 15:33 | Create | Villager (Male) |
| 15:58 | Build | Stable |
| 16:32 | Research | Castle Age |
| 16:32 | Research | Castle Age |
| 16:51 | Research | Wheelbarrow |
| 17:13 | Create | Spearman |
| 17:13 | Create | Spearman |
| 17:14 | Create | Spearman |
| 17:17 | Create | Villager (Male) |
| 17:18 | Create | Villager (Male) |
| 17:29 | Create | Fishing Ship |
| 17:29 | Create | Fishing Ship |
| 17:29 | Create | Fishing Ship |
| 17:46 | Build | House |
| 17:49 | Build | House |
| 17:56 | Build | House |
| 18:27 | Research | Scale Barding Armor |
| 18:57 | Age | Castle Age |
| 19:03 | Create | Knight |
| 19:03 | Create | Knight |
| 19:03 | Create | Knight |
| 19:04 | Research | Husbandry |
| 19:15 | Build | Town Center |
| 19:23 | Build | Town Center |
| 19:25 | Research | Tech 906 |
| 19:26 | Research | War Galley (upgrade) |
| 19:31 | Research | Bloodlines |
| 19:44 | Build | Monastery |
| 20:00 | Create | Villager (Male) |
| 20:17 | Create | Villager (Male) |
| 20:20 | Create | Villager (Male) |
| 20:43 | Research | Forging |
| 20:50 | Create | Monk |
| 20:51 | Create | Villager (Male) |
| 21:00 | Create | Villager (Male) |
| 21:01 | Create | Villager (Male) |
| 21:02 | Create | Villager (Male) |
| 21:49 | Create | Villager (Male) |
| 21:49 | Create | Villager (Male) |
| 22:05 | Create | Villager (Male) |
| 22:06 | Create | Villager (Male) |
| 22:10 | Research | Bow Saw |
| 22:58 | Create | Villager (Male) |
| 22:59 | Create | Villager (Male) |
| 22:59 | Create | Villager (Male) |
Build order — FranciscoB
First 150 of 219 actions detected
| 0:44 | Build | Town Center |
| 2:49 | Build | House |
| 2:56 | Create | Villager (Male) |
| 2:56 | Create | Villager (Male) |
| 2:58 | Create | Villager (Male) |
| 2:58 | Create | Villager (Male) |
| 2:58 | Create | Villager (Male) |
| 3:20 | Build | House |
| 4:21 | Research | Loom |
| 4:22 | Research | Loom |
| 5:20 | Create | Villager (Male) |
| 5:21 | Create | Villager (Male) |
| 5:51 | Create | Villager (Male) |
| 5:52 | Create | Villager (Male) |
| 5:52 | Create | Villager (Male) |
| 6:37 | Create | Villager (Male) |
| 6:37 | Create | Villager (Male) |
| 6:38 | Create | Villager (Male) |
| 6:38 | Create | Villager (Male) |
| 7:21 | Create | Villager (Male) |
| 7:21 | Create | Villager (Male) |
| 7:38 | Create | Villager (Male) |
| 7:38 | Create | Villager (Male) |
| 7:38 | Create | Villager (Male) |
| 8:09 | Create | Villager (Male) |
| 8:09 | Create | Villager (Male) |
| 8:36 | Create | Villager (Male) |
| 8:37 | Create | Villager (Male) |
| 9:05 | Create | Villager (Male) |
| 9:05 | Create | Villager (Male) |
| 9:05 | Create | Villager (Male) |
| 9:21 | Create | Villager (Male) |
| 9:37 | Build | House |
| 10:00 | Build | Mining Camp |
| 10:06 | Create | Villager (Male) |
| 10:33 | Create | Villager (Male) |
| 10:56 | Create | Villager (Male) |
| 11:01 | Build | Lumber Camp |
| 11:35 | Create | Villager (Male) |
| 11:40 | Research | Feudal Age |
| 12:23 | Build | House |
| 12:24 | Build | House |
| 13:15 | Build | Palisade Wall |
| 13:58 | Create | Villager (Male) |
| 13:58 | Create | Villager (Male) |
| 14:10 | Age | Feudal Age |
| 14:16 | Build | Blacksmith |
| 14:28 | Build | Mill |
| 14:43 | Create | Villager (Male) |
| 15:04 | Create | Villager (Male) |
| 15:12 | Build | Market |
| 15:43 | Build | Barracks |
| 15:45 | Build | House |
| 15:51 | Create | Villager (Male) |
| 16:01 | Create | Villager (Male) |
| 16:18 | Create | Villager (Male) |
| 16:24 | Create | Villager (Male) |
| 16:34 | Build | Farm |
| 16:35 | Build | Farm |
| 16:37 | Build | Farm |
| 16:38 | Create | Villager (Male) |
| 17:01 | Create | Villager (Male) |
| 17:12 | Build | Archery Range |
| 17:23 | Create | Villager (Male) |
| 17:26 | Build | Farm |
| 17:46 | Build | Farm |
| 17:54 | Build | House |
| 17:57 | Create | Villager (Male) |
| 18:10 | Create | Archer |
| 18:14 | Create | Villager (Male) |
| 18:17 | Build | Farm |
| 18:30 | Build | Farm |
| 19:02 | Research | Castle Age |
| 19:02 | Research | Castle Age |
| 19:06 | Create | Archer |
| 19:23 | Create | Archer |
| 19:29 | Build | Archery Range |
| 19:31 | Build | House |
| 19:34 | Build | Palisade Gate |
| 19:38 | Research | Fletching |
| 19:38 | Research | Fletching |
| 19:45 | Create | Archer |
| 19:52 | Build | House |
| 19:56 | Build | Palisade Wall |
| 19:57 | Build | Palisade Wall |
| 19:59 | Create | Villager (Male) |
| 20:07 | Create | Archer |
| 20:18 | Research | Padded Archer Armor |
| 20:23 | Research | Double-Bit Axe |
| 20:35 | Research | Gold Mining |
| 20:49 | Build | House |
| 20:54 | Build | Palisade Wall |
| 21:08 | Create | Villager (Male) |
| 21:09 | Create | Archer |
| 21:09 | Create | Archer |
| 21:11 | Create | Archer |
| 21:11 | Create | Archer |
| 21:42 | Age | Castle Age |
| 22:00 | Create | Villager (Male) |
| 22:16 | Build | House |
| 22:26 | Build | House |
| 22:29 | Build | Palisade Wall |
| 22:31 | Create | Villager (Male) |
| 22:32 | Create | Archer |
| 22:36 | Create | Villager (Male) |
| 22:37 | Create | Archer |
| 22:38 | Create | Archer |
| 22:38 | Create | Archer |
| 22:49 | Research | Crossbowman (upgrade) |
| 23:00 | Create | Archer |
| 23:12 | Build | Palisade Gate |
| 23:32 | Build | House |
| 23:35 | Build | House |
| 23:39 | Create | Villager (Male) |
| 23:39 | Create | Villager (Male) |
| 23:44 | Create | Villager (Male) |
| 23:51 | Build | Farm |
| 23:52 | Create | Archer |
| 23:52 | Create | Archer |
| 23:58 | Build | House |
| 23:59 | Build | House |
| 24:02 | Build | House |
| 24:02 | Build | House |
| 24:11 | Create | Archer |
| 24:11 | Create | Archer |
| 24:27 | Create | Archer |
| 24:27 | Create | Archer |
| 24:28 | Create | Villager (Male) |
| 24:42 | Create | Archer |
| 24:42 | Create | Archer |
| 24:49 | Build | House |
| 24:52 | Build | House |
| 24:56 | Create | Archer |
| 24:56 | Create | Archer |
| 25:10 | Create | Archer |
| 25:10 | Create | Archer |
| 25:15 | Create | Spearman |
| 25:19 | Create | Archer |
| 25:20 | Create | Archer |
| 25:22 | Create | Villager (Male) |
| 25:23 | Create | Villager (Male) |
| 25:51 | Build | House |
| 25:57 | Create | Archer |
| 25:58 | Create | Archer |
| 26:01 | Build | House |
| 26:02 | Build | House |
| 26:04 | Create | Villager (Male) |
| 26:04 | Create | Villager (Male) |
| 26:13 | Build | Farm |
| 26:13 | Build | Farm |
Build order — Marianob04
First 150 of 181 actions detected
| 0:19 | Build | Town Center |
| 0:24 | Build | Dock |
| 0:26 | Build | House |
| 1:06 | Build | Palisade Wall |
| 1:07 | Build | Palisade Wall |
| 1:47 | Build | Palisade Wall |
| 1:51 | Build | Palisade Wall |
| 2:05 | Build | Palisade Wall |
| 2:06 | Build | Palisade Wall |
| 2:07 | Build | Palisade Wall |
| 2:11 | Build | Palisade Wall |
| 3:09 | Create | Villager (Male) |
| 3:09 | Create | Villager (Male) |
| 3:32 | Create | Villager (Male) |
| 3:42 | Create | Villager (Male) |
| 4:43 | Create | Villager (Male) |
| 5:07 | Create | Villager (Male) |
| 5:12 | Build | House |
| 5:34 | Create | Villager (Male) |
| 6:10 | Create | Villager (Male) |
| 6:10 | Create | Villager (Male) |
| 6:30 | Create | Villager (Male) |
| 7:02 | Create | Villager (Male) |
| 7:05 | Build | House |
| 7:26 | Create | Fishing Ship |
| 7:37 | Create | Villager (Male) |
| 8:10 | Create | Villager (Male) |
| 8:12 | Create | Fishing Ship |
| 8:18 | Build | House |
| 8:41 | Create | Villager (Male) |
| 8:41 | Create | Villager (Male) |
| 9:07 | Create | Villager (Male) |
| 9:16 | Build | Mill |
| 9:59 | Create | Villager (Male) |
| 10:04 | Create | Fishing Ship |
| 10:07 | Build | House |
| 10:29 | Create | Villager (Male) |
| 10:45 | Create | Villager (Male) |
| 10:51 | Research | Loom |
| 10:51 | Research | Feudal Age |
| 10:56 | Research | Feudal Age |
| 11:01 | Create | Fishing Ship |
| 11:32 | Build | Mining Camp |
| 11:47 | Create | Fishing Ship |
| 12:09 | Build | Dock |
| 12:20 | Build | Dock |
| 12:26 | Build | Dock |
| 12:29 | Create | Villager (Male) |
| 12:40 | Build | House |
| 12:44 | Create | Villager (Male) |
| 13:19 | Create | Fishing Ship |
| 13:29 | Age | Feudal Age |
| 13:31 | Build | Barracks |
| 13:40 | Create | Demolition Raft |
| 13:43 | Build | House |
| 14:06 | Create | Demolition Raft |
| 14:10 | Create | Fishing Ship |
| 14:18 | Build | Archery Range |
| 14:30 | Create | Villager (Male) |
| 14:43 | Build | Archery Range |
| 14:45 | Create | Villager (Male) |
| 14:56 | Build | Palisade Wall |
| 14:57 | Build | Palisade Wall |
| 14:59 | Build | Palisade Wall |
| 15:00 | Build | Palisade Wall |
| 15:16 | Create | Villager (Male) |
| 15:24 | Create | Villager (Male) |
| 15:30 | Create | Galley |
| 15:38 | Create | Fishing Ship |
| 15:39 | Create | Villager (Male) |
| 15:45 | Create | Archer |
| 15:45 | Create | Archer |
| 15:49 | Build | House |
| 15:59 | Create | Villager (Male) |
| 16:19 | Create | Fishing Ship |
| 16:21 | Build | House |
| 16:34 | Build | Blacksmith |
| 16:51 | Build | Lumber Camp |
| 17:00 | Create | Archer |
| 17:11 | Create | Archer |
| 17:11 | Create | Archer |
| 17:13 | Build | House |
| 17:17 | Build | House |
| 17:31 | Research | Fletching |
| 17:48 | Create | Fire Galley |
| 18:20 | Create | Archer |
| 18:20 | Create | Archer |
| 18:20 | Create | Archer |
| 18:40 | Create | Archer |
| 18:41 | Create | Archer |
| 18:44 | Create | Villager (Male) |
| 18:51 | Build | House |
| 19:01 | Create | Archer |
| 19:01 | Create | Archer |
| 19:11 | Build | Market |
| 19:15 | Build | Gate |
| 19:19 | Build | Market |
| 19:42 | Build | House |
| 19:55 | Research | Padded Archer Armor |
| 19:57 | Create | Villager (Male) |
| 19:58 | Create | Villager (Male) |
| 20:21 | Create | Archer |
| 20:21 | Create | Archer |
| 20:23 | Build | House |
| 20:25 | Build | Stone Wall |
| 20:29 | Build | House |
| 20:52 | Build | Farm |
| 20:52 | Build | Farm |
| 20:52 | Build | Farm |
| 21:18 | Build | House |
| 21:20 | Build | Stone Wall |
| 21:26 | Build | Stone Wall |
| 21:27 | Build | Stone Wall |
| 21:30 | Build | Stone Wall |
| 21:33 | Build | Stone Wall |
| 21:48 | Research | Castle Age |
| 21:48 | Research | Castle Age |
| 22:17 | Build | House |
| 22:20 | Build | Stone Wall |
| 22:40 | Build | Gate |
| 22:41 | Create | Archer |
| 22:41 | Create | Archer |
| 22:50 | Create | Archer |
| 23:20 | Create | Archer |
| 23:20 | Create | Archer |
| 23:41 | Research | Double-Bit Axe |
| 24:15 | Create | Archer |
| 24:15 | Create | Archer |
| 24:15 | Create | Archer |
| 24:28 | Age | Castle Age |
| 24:41 | Create | Archer |
| 24:41 | Create | Archer |
| 24:42 | Create | Villager (Male) |
| 24:43 | Create | Villager (Male) |
| 25:02 | Build | House |
| 25:05 | Build | Gate |
| 25:06 | Build | House |
| 25:16 | Create | Villager (Male) |
| 25:19 | Build | House |
| 25:22 | Build | Stone Wall |
| 25:24 | Build | Stone Wall |
| 25:29 | Build | Stone Wall |
| 26:06 | Create | Archer |
| 26:06 | Create | Archer |
| 26:28 | Create | Archer |
| 26:28 | Create | Archer |
| 26:32 | Build | Farm |
| 26:32 | Build | Farm |
| 26:32 | Build | Farm |
| 26:33 | Build | Farm |
Build order — takego
First 150 of 178 actions detected
| 0:31 | Build | Town Center |
| 2:42 | Build | House |
| 2:44 | Create | Villager (Male) |
| 2:45 | Create | Villager (Male) |
| 2:45 | Create | Villager (Male) |
| 2:45 | Create | Villager (Male) |
| 3:02 | Research | Loom |
| 3:43 | Build | House |
| 3:53 | Build | House |
| 3:54 | Build | House |
| 4:13 | Build | Dock |
| 4:39 | Build | House |
| 5:13 | Create | Villager (Male) |
| 6:15 | Create | Villager (Male) |
| 6:16 | Create | Fishing Ship |
| 7:12 | Create | Villager (Male) |
| 7:22 | Create | Villager (Male) |
| 7:32 | Create | Fishing Ship |
| 7:45 | Create | Villager (Male) |
| 8:14 | Create | Villager (Male) |
| 8:33 | Create | Fishing Ship |
| 8:35 | Create | Villager (Male) |
| 9:12 | Create | Villager (Male) |
| 9:15 | Create | Fishing Ship |
| 9:31 | Create | Villager (Male) |
| 9:31 | Create | Villager (Male) |
| 9:34 | Create | Fishing Ship |
| 9:52 | Create | Villager (Male) |
| 9:56 | Create | Fishing Ship |
| 10:24 | Build | Mill |
| 10:27 | Create | Villager (Male) |
| 10:36 | Build | Lumber Camp |
| 10:53 | Create | Villager (Male) |
| 10:54 | Create | Fishing Ship |
| 10:56 | Create | Villager (Male) |
| 11:07 | Build | House |
| 11:09 | Build | House |
| 11:13 | Build | House |
| 11:23 | Create | Villager (Male) |
| 11:30 | Build | House |
| 12:03 | Build | House |
| 12:05 | Build | House |
| 12:28 | Create | Fishing Ship |
| 12:33 | Research | Feudal Age |
| 13:14 | Create | Fishing Ship |
| 13:19 | Build | House |
| 13:21 | Build | House |
| 13:23 | Create | Villager (Male) |
| 13:23 | Create | Villager (Male) |
| 14:29 | Create | Villager (Male) |
| 14:43 | Age | Feudal Age |
| 14:45 | Create | Unit 2626 |
| 14:55 | Research | Double-Bit Axe |
| 15:10 | Build | Watch Tower |
| 15:32 | Create | Unit 2626 |
| 15:34 | Create | Villager (Male) |
| 15:43 | Build | Dock |
| 15:51 | Create | Villager (Male) |
| 15:57 | Build | Barracks |
| 16:05 | Create | Unit 2626 |
| 16:07 | Create | Villager (Male) |
| 16:10 | Create | Villager (Male) |
| 16:15 | Research | Horse Collar |
| 16:40 | Create | Unit 2626 |
| 17:14 | Create | Spearman |
| 17:23 | Build | Blacksmith |
| 17:31 | Build | Archery Range |
| 18:00 | Create | Villager (Male) |
| 18:01 | Create | Villager (Male) |
| 18:01 | Create | Villager (Male) |
| 18:02 | Create | Villager (Male) |
| 18:04 | Create | Spearman |
| 18:04 | Create | Spearman |
| 18:16 | Create | Unit 2626 |
| 18:41 | Create | Skirmisher |
| 18:42 | Create | Skirmisher |
| 19:41 | Create | Skirmisher |
| 19:42 | Create | Skirmisher |
| 19:45 | Create | Spearman |
| 20:09 | Build | Mill |
| 20:11 | Create | Demolition Raft |
| 20:12 | Create | Demolition Raft |
| 20:14 | Create | Villager (Male) |
| 20:14 | Create | Villager (Male) |
| 20:14 | Create | Villager (Male) |
| 20:14 | Create | Villager (Male) |
| 20:15 | Create | Villager (Male) |
| 20:24 | Create | Skirmisher |
| 20:32 | Build | Blacksmith |
| 20:51 | Create | Skirmisher |
| 21:33 | Create | Skirmisher |
| 21:34 | Create | Villager (Male) |
| 21:36 | Build | House |
| 21:37 | Build | House |
| 21:39 | Research | Fletching |
| 21:40 | Research | Padded Archer Armor |
| 21:58 | Build | House |
| 21:59 | Build | House |
| 22:04 | Build | Farm |
| 22:06 | Build | Farm |
| 22:12 | Build | Mining Camp |
| 22:48 | Build | Farm |
| 22:50 | Build | Farm |
| 22:54 | Build | Farm |
| 22:55 | Create | Villager (Male) |
| 23:16 | Research | Castle Age |
| 23:24 | Build | Farm |
| 23:53 | Create | Spearman |
| 24:38 | Create | Skirmisher |
| 24:38 | Create | Skirmisher |
| 24:46 | Create | Fishing Ship |
| 24:46 | Create | Fishing Ship |
| 25:33 | Create | Skirmisher |
| 25:34 | Create | Skirmisher |
| 26:01 | Age | Castle Age |
| 26:02 | Create | Spearman |
| 26:02 | Create | Spearman |
| 26:06 | Research | Elite Skirmisher (upgrade) |
| 26:36 | Research | Bow Saw |
| 26:37 | Create | Villager (Male) |
| 26:38 | Create | Villager (Male) |
| 26:38 | Create | Villager (Male) |
| 26:38 | Research | Wheelbarrow |
| 27:11 | Research | Bodkin Arrow |
| 27:11 | Research | Leather Archer Armor |
| 27:40 | Build | Town Center |
| 27:45 | Create | Villager (Male) |
| 27:46 | Create | Villager (Male) |
| 27:47 | Create | Villager (Male) |
| 28:31 | Build | Castle |
| 28:36 | Research | Pikeman (upgrade) |
| 28:36 | Research | Squires |
| 28:40 | Research | Thumb Ring |
| 28:45 | Research | Forging |
| 28:46 | Research | Scale Mail Armor |
| 28:47 | Create | Villager (Male) |
| 28:47 | Create | Villager (Male) |
| 28:47 | Create | Villager (Male) |
| 28:50 | Build | Farm |
| 29:21 | Create | Skirmisher |
| 29:21 | Create | Skirmisher |
| 29:21 | Create | Skirmisher |
| 29:21 | Create | Skirmisher |
| 29:53 | Create | Spearman |
| 29:53 | Create | Spearman |
| 29:53 | Create | Spearman |
| 30:12 | Build | University |
| 30:14 | Build | Farm |
| 30:40 | Create | Villager (Male) |
| 30:40 | Create | Villager (Male) |
Build order — #14
148 actions detected in the replay
| 2:00 | Build | Town Center |
| 3:53 | Create | Villager (Male) |
| 3:53 | Create | Villager (Male) |
| 3:53 | Create | Villager (Male) |
| 3:54 | Create | Villager (Male) |
| 3:54 | Create | Villager (Male) |
| 4:50 | Build | House |
| 4:51 | Research | Loom |
| 5:24 | Create | Villager (Male) |
| 5:24 | Create | Villager (Male) |
| 5:25 | Create | Villager (Male) |
| 6:13 | Create | Villager (Male) |
| 6:13 | Create | Villager (Male) |
| 6:58 | Create | Villager (Male) |
| 6:58 | Create | Villager (Male) |
| 7:32 | Build | Dock |
| 7:34 | Create | Villager (Male) |
| 7:34 | Create | Villager (Male) |
| 7:57 | Create | Villager (Male) |
| 7:57 | Create | Villager (Male) |
| 8:10 | Build | House |
| 8:31 | Create | Villager (Male) |
| 8:45 | Build | House |
| 8:52 | Build | House |
| 8:55 | Build | House |
| 9:13 | Build | Palisade Wall |
| 9:23 | Build | House |
| 9:36 | Build | Palisade Wall |
| 9:45 | Create | Villager (Male) |
| 9:45 | Create | Villager (Male) |
| 10:45 | Create | Villager (Male) |
| 10:45 | Create | Villager (Male) |
| 10:56 | Create | Villager (Male) |
| 11:09 | Build | Lumber Camp |
| 11:17 | Build | House |
| 11:21 | Create | Villager (Male) |
| 11:42 | Build | House |
| 11:50 | Build | House |
| 11:54 | Build | House |
| 12:22 | Create | Villager (Male) |
| 12:33 | Create | Villager (Male) |
| 12:42 | Create | Fishing Ship |
| 12:42 | Create | Fishing Ship |
| 12:55 | Create | Villager (Male) |
| 13:12 | Build | Palisade Wall |
| 13:13 | Build | Palisade Wall |
| 13:14 | Build | Palisade Wall |
| 13:16 | Create | Villager (Male) |
| 13:43 | Create | Villager (Male) |
| 13:48 | Build | House |
| 13:52 | Create | Fishing Ship |
| 14:27 | Create | Villager (Male) |
| 14:32 | Build | Palisade Wall |
| 14:51 | Build | Mill |
| 15:23 | Research | Feudal Age |
| 15:23 | Research | Feudal Age |
| 15:37 | Build | Palisade Wall |
| 15:44 | Create | Fishing Ship |
| 16:26 | Build | Palisade Gate |
| 16:28 | Create | Villager (Male) |
| 16:44 | Create | Fishing Ship |
| 16:49 | Build | Dock |
| 17:09 | Build | Mining Camp |
| 17:16 | Build | House |
| 17:18 | Build | House |
| 17:32 | Build | House |
| 17:33 | Age | Feudal Age |
| 17:38 | Create | Fishing Ship |
| 17:44 | Create | Fishing Ship |
| 17:55 | Build | Barracks |
| 18:10 | Build | Palisade Wall |
| 18:10 | Build | Palisade Wall |
| 18:14 | Build | Palisade Wall |
| 18:18 | Build | House |
| 18:23 | Build | Palisade Wall |
| 18:38 | Create | Villager (Male) |
| 18:41 | Create | Fishing Ship |
| 18:43 | Create | Fishing Ship |
| 19:24 | Build | Stable |
| 19:26 | Create | Villager (Male) |
| 19:26 | Create | Villager (Male) |
| 19:30 | Build | House |
| 19:33 | Build | House |
| 19:42 | Build | House |
| 19:43 | Create | Villager (Male) |
| 19:43 | Create | Villager (Male) |
| 20:18 | Build | Palisade Wall |
| 20:28 | Build | Blacksmith |
| 20:34 | Create | Scout Cavalry |
| 20:35 | Create | Scout Cavalry |
| 21:03 | Create | Villager (Male) |
| 21:08 | Create | Scout Cavalry |
| 21:20 | Build | Mining Camp |
| 21:23 | Create | Scout Cavalry |
| 21:38 | Create | Villager (Male) |
| 21:38 | Create | Villager (Male) |
| 21:49 | Create | Fishing Ship |
| 21:58 | Build | House |
| 22:06 | Create | Scout Cavalry |
| 22:31 | Create | Villager (Male) |
| 22:58 | Create | Villager (Male) |
| 23:01 | Build | House |
| 23:06 | Build | House |
| 23:10 | Build | Mill |
| 23:29 | Build | Watch Tower |
| 23:38 | Create | Scout Cavalry |
| 23:38 | Create | Scout Cavalry |
| 23:40 | Create | Villager (Male) |
| 23:40 | Create | Villager (Male) |
| 24:25 | Create | Villager (Male) |
| 24:32 | Create | Scout Cavalry |
| 24:44 | Build | House |
| 24:55 | Create | Scout Cavalry |
| 25:11 | Build | House |
| 25:12 | Build | House |
| 25:15 | Build | House |
| 25:28 | Build | Watch Tower |
| 26:06 | Create | Villager (Male) |
| 26:07 | Create | Villager (Male) |
| 26:42 | Create | Villager (Male) |
| 26:47 | Build | Market |
| 27:12 | Create | Scout Cavalry |
| 27:13 | Create | Scout Cavalry |
| 27:28 | Build | Palisade Wall |
| 27:47 | Build | Watch Tower |
| 27:56 | Build | Farm |
| 27:57 | Build | Farm |
| 28:00 | Build | Farm |
| 28:12 | Research | Castle Age |
| 28:49 | Research | Fletching |
| 29:03 | Build | Watch Tower |
| 30:05 | Create | Scout Cavalry |
| 30:07 | Create | Scout Cavalry |
| 30:17 | Build | Farm |
| 30:18 | Build | Farm |
| 30:19 | Build | Farm |
| 30:20 | Build | Farm |
| 30:42 | Research | Double-Bit Axe |
| 30:42 | Research | Horse Collar |
| 30:52 | Age | Castle Age |
| 31:25 | Build | Stable |
| 31:54 | Build | Town Center |
| 32:02 | Build | Lumber Camp |
| 32:26 | Build | Stable |
| 32:36 | Create | Knight |
| 32:36 | Create | Knight |
| 32:39 | Build | Archery Range |
| 32:45 | Build | Archery Range |
Match timeline
| 0:24 | Marianob04 · first_building Dock |
| 1:06 | Marianob04 · wall_segment Palisade Wall x1 |
| 1:07 | Marianob04 · wall_segment Palisade Wall x1 |
| 1:13 | Tonok · first_building Dock |
| 1:47 | Marianob04 · wall_segment Palisade Wall x1 |
| 1:51 | Marianob04 · wall_segment Palisade Wall x1 |
| 1:55 | Obi Lan · first_building Dock |
| 2:05 | Marianob04 · wall_segment Palisade Wall x1 |
| 2:06 | Marianob04 · wall_segment Palisade Wall x1 |
| 2:07 | Marianob04 · wall_segment Palisade Wall x1 |
| 2:11 | Marianob04 · wall_segment Palisade Wall x1 |
| 4:13 | takego · first_building Dock |
| 7:32 | #14 · first_building Dock |
| 9:13 | #14 · wall_segment Palisade Wall x1 |
| 9:36 | #14 · wall_segment Palisade Wall x7 |
| 10:34 | Obi Lan · wall_segment Palisade Wall x2 |
| 13:12 | #14 · wall_segment Palisade Wall x1 |
| 13:13 | #14 · wall_segment Palisade Wall x1 |
| 13:14 | #14 · wall_segment Palisade Wall x1 |
| 13:15 | FranciscoB · wall_segment Palisade Wall x1 |
| 13:29 | Marianob04 · age_up feudal |
| 13:31 | Marianob04 · first_building Barracks |
| 14:10 | FranciscoB · age_up feudal |
| 14:18 | Marianob04 · first_building Archery Range |
| 14:32 | #14 · wall_segment Palisade Wall x4 |
| 14:43 | takego · age_up feudal |
| 14:53 | Obi Lan · first_building Barracks |
| 14:55 | Obi Lan · age_up feudal |
| 14:56 | Marianob04 · wall_segment Palisade Wall x1 |
| 14:57 | Marianob04 · wall_segment Palisade Wall x1 |
| 14:59 | Marianob04 · wall_segment Palisade Wall x1 |
| 15:00 | Marianob04 · wall_segment Palisade Wall x2 |
| 15:23 | Tonok · first_building Barracks |
| 15:35 | Tonok · wall_segment Palisade Wall x6 |
| 15:37 | #14 · wall_segment Palisade Wall x4 |
| 15:43 | FranciscoB · first_building Barracks |
| 15:57 | takego · first_building Barracks |
| 15:58 | Obi Lan · first_building Stable |
| 16:59 | Tonok · age_up feudal |
| 17:12 | FranciscoB · first_building Archery Range |
| 17:31 | takego · first_building Archery Range |
| 17:32 | Tonok · wall_segment Palisade Wall x4 |
| 17:33 | #14 · age_up feudal |
| 17:55 | #14 · first_building Barracks |
| 18:10 | #14 · wall_segment Palisade Wall x3 |
| 18:10 | #14 · wall_segment Palisade Wall x2 |
| 18:14 | #14 · wall_segment Palisade Wall x1 |
| 18:23 | #14 · wall_segment Palisade Wall x7 |
| 18:57 | Obi Lan · age_up castle |
| 19:24 | #14 · first_building Stable |
| 19:44 | Obi Lan · first_building Monastery |
| 19:56 | FranciscoB · wall_segment Palisade Wall x18 |
| 19:57 | FranciscoB · wall_segment Palisade Wall x1 |
| 19:57 | Tonok · first_market_buy 100 wood |
| 20:18 | #14 · wall_segment Palisade Wall x5 |
| 20:25 | Marianob04 · wall_segment Stone Wall x1 |
| 20:44 | Marianob04 · first_market_sell 100 wood |
| 20:54 | FranciscoB · wall_segment Palisade Wall x8 |
| 21:20 | Marianob04 · wall_segment Stone Wall x5 |
| 21:26 | Marianob04 · wall_segment Stone Wall x1 |
| 21:27 | Marianob04 · wall_segment Stone Wall x1 |
| 21:30 | Marianob04 · wall_segment Stone Wall x3 |
| 21:33 | Marianob04 · wall_segment Stone Wall x5 |
| 21:42 | FranciscoB · age_up castle |
| 22:20 | Marianob04 · wall_segment Stone Wall x5 |
| 22:29 | FranciscoB · wall_segment Palisade Wall x13 |
| 23:14 | Tonok · age_up castle |
| 23:30 | Marianob04 · first_market_buy 100 food |
| 23:58 | Tonok · first_building Castle |
| 24:28 | Marianob04 · age_up castle |
| 25:22 | Marianob04 · wall_segment Stone Wall x1 |
| 25:24 | Marianob04 · wall_segment Stone Wall x6 |
| 25:29 | Marianob04 · wall_segment Stone Wall x5 |
| 25:49 | Tonok · first_building Siege Workshop |
| 26:01 | takego · age_up castle |
| 26:48 | Obi Lan · first_building Siege Workshop |
| 27:28 | #14 · wall_segment Palisade Wall x1 |
| 27:37 | FranciscoB · first_building Siege Workshop |
| 28:31 | takego · first_building Castle |
| 30:36 | FranciscoB · first_market_sell 500 wood |
| 30:52 | #14 · age_up castle |
| 30:54 | Obi Lan · first_building Castle |
| 32:12 | Marianob04 · first_building Stable |
| 32:13 | Tonok · first_market_sell 100 stone |
| 32:21 | Tonok · age_up imperial |
| 32:39 | #14 · first_building Archery Range |
| 33:41 | #14 · resign |
| 34:16 | FranciscoB · age_up imperial |
[ AI ANALYSIS · 1 CREDIT ]
What really happened in this match?
Wolo.gg analyzes every decision: build order, eco, micro, common mistakes by bracket. Personalized analysis on WhatsApp or Discord in 30 seconds.
Civ guide
Armenians
Map guide
Nomad
Perfil
Tonok